 Dungeon Crawl Stone Soup version 0.26-a0-612-gd4d190f45e (webtiles) character file.

Game seed: 110630168600757984

4424 Forgol the Carver (level 10, 0/89 HPs)
             Began as a Palentonga Fighter on Sept 10, 2020.
             Was a Believer of Qazlal.
             Slain by a wight
             ... wielding a cursed +3 trident
              (5 damage)
             ... on level 8 of the Dungeon.
             The game lasted 00:19:17 (10070 turns).

Forgol the Carver (Palentonga Fighter)             Turns: 10070, Time: 00:19:17

Health: 0/89       AC: 11    Str: 22    XL:     10   Next: 14%
Magic:  10/10      EV:  3    Int: 13    God:    Qazlal [**....]
Gold:   437        SH: 16    Dex: 14    Spells: 9/9 levels left

rFire    . . .     SeeInvis +   C - +2 falchion (freeze)
rCold    . . .     Faith    .   c - +3 kite shield
rNeg     . . .     Spirit   .   x - +0 plate armour
rPois    .         Reflect  .   b - +0 helmet
rElec    .         Harm     .   (no cloak)
rCorr    .                      (no gloves)
MR       +....                  (no barding)
Stlth    ..........             (no amulet)
HPRegen  0.24/turn              k - ring of protection from magic
MPRegen  0.12/turn              f - ring of Liutt {+Fly Int+5 Dex+3}

@: very slightly contaminated, drained, invisible
A: large, rugged brown scales 3, see invisible, deformed body, roll, armoured
tail
a: Rolling Charge, Upheaval, Renounce Religion, Evoke Flight


You were on level 8 of the Dungeon.
You worshipped Qazlal.
Qazlal was pleased with you.
You visited 2 branches of the dungeon, and saw 10 of its levels.

You collected 437 gold pieces.

Inventory:

Hand Weapons
 h - a +3 morningstar of freezing
 B - a +0 scimitar
 C - a +2 falchion of freezing (weapon)
Armour
 b - a +0 helmet (worn)
 c - a +3 kite shield (worn)
 x - a +0 plate armour (worn)
Jewellery
 f - the ring of Liutt (right hand) {+Fly Int+5 Dex+3}
   (You found it on level 4 of the Dungeon)

   [ring of flight]

   It affects your intelligence (+5).
   It affects your dexterity (+3).
   It lets you fly.
 k - a ring of protection from magic (left hand)
 o - an uncursed ring of magical power
 p - a cursed ring of teleportation {unknown}
 u - an uncursed ring of wizardry
Wands
 a - a wand of acid (6)
 l - a wand of iceblast (9)
 y - a wand of digging (6)
 z - a wand of random effects (26)
Scrolls
 e - 6 scrolls of fear
 n - 10 scrolls of remove curse
 r - a scroll of magic mapping
 s - 3 scrolls of enchant weapon
 v - 3 scrolls of identify
 A - 2 scrolls of teleportation
Potions
 d - 4 potions of might
 g - 3 potions of flight
 i - 6 potions of curing
 j - a potion of magic
 m - a potion of degeneration
 q - a potion of lignification
 t - a potion of invisibility
 w - a potion of stabbing


   Skills:
 + Level 6.7(5.9) Fighting
 * Level 10.6(9.7) Long Blades
 + Level 5.6(4.8) Armour
 + Level 5.6(4.8) Shields


You had 9 spell levels left.
You didn't know any spells.
Your spell library was empty.

Dungeon Overview and Level Annotations

Branches:
Dungeon (9/15)             Temple (1/1) D:5            Lair (0/6) D:8
    Orc: D:9-12

Altars:
Ashenzari
Cheibriados
Dithmenos
Elyvilon
Fedhas
Gozag
Hepliaklqana
Kikubaaqudgha
Makhleb
Nemelex Xobeh
Qazlal
Ru
Sif Muna
Trog
Uskayaw
Vehumet
Wu Jian
Xom
Yredelemnul
Zin
The Shining One

Shops:
D:6 [   D:7 (   D:8 ?

Annotations:
D:3 3 runed translucent doors, Tman's ghost, amateur OpMo
D:5 1 runed translucent door, tape's ghost, novice OpTm
D:8 2 transporters, qipq's ghost, novice DENe


Innate Abilities, Weirdness & Mutations

You are completely covered in rugged brown scales. (AC +3, +7% HP)
You have supernaturally acute eyesight. (SInv)
Armour fits poorly on your strangely shaped body.
You can roll at foes to attack.
You have a long armoured tail.


Message History

The yak gores you!
* * * LOW HITPOINT WARNING * * *
The wight hits you from afar with a cursed +3 trident.
* * * LOW HITPOINT WARNING * * *
You feel drained.
* * * LOW HITPOINT WARNING * * *
Okay, then.
Okay, then.
You fade into invisibility!
The yak barely misses you.
You riposte.
You barely miss the yak.
The yak is lightly wounded.
You block the wight's attack.
You are very lightly contaminated with residual magic.
The yak gores you!
* * * LOW HITPOINT WARNING * * *
You block the wight's attack.
There is a stone staircase leading up here.
You block the yak's attack.
The wight hits you from afar with a cursed +3 trident.
You die...

### #.#### #....#
#.##.# #.##.# #.##.##
# #.....# ##########
#.....# #.......##
#...@.## #.........
#.##Y○.#####.........
#...zz........#.###.#
####...######.#.###.#
#.................
####...(#.#.#.#.###.#
#......>(............
#......####.#.#######
#...................#


You could see a yak and 2 wights.

Vanquished Creatures
  2 komodo dragons (D:8)
  3 hippogriffs (D:7)
  2 yaks
  2 wyverns (D:8)
  A water moccasin (D:8)
  3 orc warriors
  A sky beast (D:8)
  2 ice beasts
  An eye of draining (D:8)
  A black bear (D:6)
  A phantom (D:8)
  2 ogres
  3 centaurs
  2 crocodiles (D:8)
  A bullfrog (D:6)
  A big kobold (D:3)
  5 wights
  A howler monkey (D:5)
  5 hounds
  A jelly (D:8)
  2 iguanas
  A bullfrog skeleton (D:8)
  4 orc wizards
  8 worker ants
  A hound zombie (D:5)
  2 hound skeletons
  A howler monkey zombie (D:8)
  A worker ant zombie (D:7)
  A gnoll (D:1)
  7 adders
  2 shadow imps
  2 white imps
  2 oozes
  An adder zombie (D:6)
  An adder skeleton (D:5)
  2 worms
  A dart slug (D:2)
  9 leopard geckos
  30 orcs
  8 bats
  6 giant cockroaches
  4 goblins
  11 hobgoblins
  9 jackals
  6 quokkas
  3 ball pythons
  4 frilled lizards
  A jackal zombie (D:8)
  14 kobolds
  10 rats
194 creatures vanquished.

Vanquished Creatures (others)
  A swamp drake (D:8)
  A plant (D:6)
2 creatures vanquished.

Grand Total: 196 creatures vanquished

Notes
Turn   | Place    | Note
-------+----------+-------------------------------------------
     0 | D:1      | Forgol the Palentonga Fighter began the quest for the Orb.
     0 | D:1      | Reached XP level 1. HP: 20/20 MP: 1/1
   213 | D:1      | Reached XP level 2. HP: 27/27 MP: 2/2
   409 | D:1      | Reached skill level 3 in Long Blades
   486 | D:1      | Reached XP level 3. HP: 32/33 MP: 3/3
  1085 | D:2      | Reached skill level 4 in Long Blades
  1249 | D:2      | Found a sparkling altar of Nemelex Xobeh.
  1351 | D:2      | Reached XP level 4. HP: 36/40 MP: 4/4
  1715 | D:3      | Found a runed translucent gate.
  1717 | D:3      | Found a runed translucent gate.
  1718 | D:3      | Found a runed translucent gate.
  1719 | D:3      | Noticed Tman's ghost (amateur OpMo)
  2335 | D:3      | Noticed a big kobold
  2346 | D:3      | Killed a big kobold
  2346 | D:3      | Reached skill level 5 in Long Blades
  2346 | D:3      | Reached XP level 5. HP: 46/48 MP: 5/5
  2475 | D:4      | Got a coiled tin ring
  2477 | D:4      | Identified the ring of Liutt {+Fly Int+5 Dex+3} (You found
                  | it on level 4 of the Dungeon)
  2507 | D:4      | Noticed an ogre
  2509 | D:4      | Killed an ogre
  2509 | D:4      | Reached skill level 6 in Long Blades
  2698 | D:4      | Reached XP level 6. HP: 54/54 MP: 6/6
  3112 | D:4      | Found a shadowy altar of Dithmenos.
  3122 | D:4      | Found a shattered altar of Ashenzari.
  3722 | D:5      | Entered Level 5 of the Dungeon
  3762 | D:5      | Found an opulent altar of Gozag.
  3774 | D:5      | Got a heavily runed leather armour
  3785 | D:5      | Identified the +2 leather armour of Ufacva {Rampage +Inv
                  | rC+ Str-5} (You found it on level 5 of the Dungeon)
  3987 | D:5      | Noticed an ice beast
  4005 | D:5      | Killed an ice beast
  4005 | D:5      | Reached skill level 7 in Long Blades
  4005 | D:5      | Reached XP level 7. HP: 38/60 MP: 7/7
  4360 | D:5      | Noticed tape's ghost (novice OpTm)
  4376 | D:5      | Found a runed translucent door.
  4471 | D:5      | Found a staircase to the Ecumenical Temple.
  4482 | Temple   | Entered the Ecumenical Temple
  4822 | Temple   | Became a worshipper of Qazlal Stormbringer
  5634 | D:6      | Reached XP level 8. HP: 40/71 MP: 8/8
  5687 | D:6      | Reached skill level 8 in Long Blades
  6222 | D:6      | Found Xanir's Antique Armour Boutique.
  6509 | D:7      | Noticed a hippogriff
  6527 | D:7      | Killed a hippogriff
  6818 | D:7      | Reached skill level 5 in Fighting
  6825 | D:7      | Reached * piety under Qazlal
  6830 | D:7      | Noticed a hippogriff
  6843 | D:7      | Killed a hippogriff
  6859 | D:7      | Reached skill level 9 in Long Blades
  7123 | D:7      | Reached XP level 9. HP: 79/79 MP: 9/9
  7344 | D:7      | Found Vimoq's Weapon Emporium.
  7848 | D:7      | Noticed an unseen horror
  8338 | D:8      | Reached ** piety under Qazlal
  8338 | D:8      | Reached skill level 5 in Armour
  8338 | D:8      | Reached skill level 5 in Shields
  8516 | D:8      | Reached skill level 10 in Long Blades
  8545 | D:8      | Noticed a komodo dragon
  8545 | D:8      | Noticed a komodo dragon
  8573 | D:8      | Killed a komodo dragon
  8581 | D:8      | Killed a komodo dragon
  9065 | D:8      | Found a staircase to the Lair.
  9138 | D:8      | Found Mograrphuuj's Magic Scroll Emporium.
  9138 | D:8      | Found a transporter.
  9264 | D:8      | Found a transporter.
  9267 | D:8      | Noticed qipq's ghost (novice DENe)
  9516 | D:8      | Reached XP level 10. HP: 78/89 MP: 10/10
 10065 | D:8      | HP: 4/89 [yak (11)]
 10070 | D:8      | Slain by a wight

Illustrated notes

Levels and vault maps discovered:
D:1:      wander_arrival_fairy_ring, layout_loops_ring, amethyst_killhole,
          st_stairs_1, serial_park_tiny_2, serial_bayou_lagoon_a,
          kennysheep_another_room
D:2:      minmay_diamond_boxcup, layout_basic, serial_park_tiny_pond, hex_tiny,
          nemelex_lonely_heart_becter
D:3:      cheibrodos_thug_alley, layout_basic, ebering_ghost_rock_garden
D:4:      layout_basic, minitemple
D:5:      layout_layer_cave, grunt_gozag_statues, minmay_temple_entry_waves,
          hellmonk_ghost_happy_afterlife, dk_rats_in_the_wall
D:6:      corexii_shack_village, layout_rooms, serial_shops,
          kennysheep_little_box
D:7:      layout_basic, serial_shops, nicolae_shop_stone, lightli_corner_chamber
D:8:      layout_basic, erik_lair_dragon, gammafunk_ghost_stat_death,
          serial_shops, shop
D:9:      layout_rooms, okawaru_gym_becter, david_orc_5, serial_shops, shop
Temple:   hc_temple_tempest_star

Skill      XL: |  1  2  3  4  5  6  7  8  9 |
---------------+----------------------------+-----
Long Blades    | 3 4 5 6 7 9 10 | 10.6
Armour         | 3 4 5 |  5.6
Shields        | 3 4 5 |  5.6
Fighting       | 4 5 6 |  6.7

Action                   |  1- 3 |  4- 6 |  7- 9 | 10-12 || total
-------------------------+-------+-------+-------+-------++-------
Melee: Long sword        |    91 |   172 |   276 |       ||   539
       Tailslap          |     9 |    23 |    63 |     3 ||    98
       Scimitar          |       |       |   112 |    27 ||   139
       Falchion          |       |       |       |    13 ||    13
 Abil: Rolling Charge    |       |       |     4 |       ||     4
  Use: Scroll            |     5 |    13 |     6 |       ||    24
       Potion            |       |       |     4 |     1 ||     5
Armor: Scale mail        |    59 |    48 |    30 |       ||   137
       Plate armour      |       |       |    83 |    14 ||    97
Dodge: Dodged            |    25 |    30 |    39 |     6 ||   100
Block: Kite shield       |    56 |   100 |   235 |    53 ||   444
       Rpst.: Long sword |    13 |    11 |    10 |       ||    34
       Scimitar          |       |       |     4 |     1 ||     5
       Falchion          |       |       |       |     2 ||     2

Table legend: (Time is in decaauts)
 A = Elapsed time spent in this place.
 B = Non-inter-level travel time spent in this place.
 C = Inter-level travel time spent in this place.
 D = Time resting spent in this place.
 E = Time spent auto-exploring this place.
 F = Levels seen in this place.
 G = Mean time per level.
                   A        B        C        D        E       F      G
               +--------+--------+--------+--------+--------+-----+--------+
         Total |  10161 |   9897 |    264 |   1766 |   6739 |  10 | 1016.1 |
       Dungeon |   9793 |   9611 |    182 |   1766 |   6456 |   9 | 1088.1 |
        Temple |    368 |    286 |     82 |      0 |    283 |   1 |  368.0 |
               +--------+--------+--------+--------+--------+-----+--------+

Top non-repeatable levels by time:
     D:8: 1913 daAuts
     D:7: 1838 daAuts
     D:4: 1309 daAuts
     D:5: 1260 daAuts
     D:6: 973 daAuts
     D:1: 879 daAuts
     D:2: 813 daAuts
     D:3: 789 daAuts
  Temple: 368 daAuts
     D:9: 16 daAuts
